 Dungeon Crawl Stone Soup version 0.25.1-8-g42b30a86e7 (webtiles) character file.

Game seed: 10638411308244867036

8234 Gabide the Cruncher (level 11, -5/67 HPs)
             Began as a Human Wanderer on Dec 25, 2020.
             Was an Initiate of Gozag.
             Slain by an air elemental (8 damage)
             ... on level 2 of the Abyss.
             The game lasted 00:49:26 (11792 turns).

Gabide the Cruncher (Human Wanderer)               Turns: 11792, Time: 00:49:26

Health: -5/67      AC: 14    Str: 19    XL:     11   Next: 52%
Magic:  12/12      EV:  9    Int: 17    God:    Gozag
Gold:   223        SH:  0    Dex:  9    Spells: 12/12 levels left

rFire    + . .     SeeInvis .   G - +4 halberd (freeze)
rCold    . . .     Gourm    .   (shield currently unavailable)
rNeg     . . .     Faith    .   s - +6 chain mail {rF+}
rPois    .         Spirit   .   u - +0 helmet
rElec    .         Reflect  .   v - +0 cloak
rCorr    .         Harm     .   (no gloves)
MR       .....                  (no boots)
Stlth    ..........             y - amulet of the acrobat
HPRegen  0.21/turn              H - +6 ring of intelligence
MPRegen  0.13/turn              p - +6 ring of strength

@: about to teleport, gold aura, drained
A: [blurry vision 3], [clumsy 2], [deformed body], [dopey 2], [frail 2],
[subdued magic 2]
a: Potion Petition, Call Merchant, Bribe Branch, Renounce Religion


You were on level 2 of the Abyss.
You worshipped Gozag.
Gozag was aware of your devotion.
You were very hungry.

You visited 1 branch of the dungeon, and saw 11 of its levels.
You visited the Abyss 1 time.

You collected 2153 gold pieces.
You spent 430 gold pieces at shops.
You paid 1500 gold pieces to Gozag.

Inventory:

Hand Weapons
 a - a +3 quarterstaff
 q - a +1 dagger of holy wrath
 G - a +4 halberd of freezing (weapon)
Missiles
 x - 9 poisoned darts (quivered)
Armour
 b - a +0 tower shield
 k - a +1 ring mail of magic resistance
 s - a +6 chain mail of fire resistance (worn)
 u - a +0 helmet (worn)
 v - a +0 cloak (worn)
Jewellery
 d - an uncursed ring of magical power
 i - an uncursed ring of wizardry
 l - an uncursed ring of fire
 p - a +6 ring of strength (right hand)
 y - an amulet of the acrobat (around neck)
 B - an uncursed ring of flight
 H - a +6 ring of intelligence (left hand)
 I - an uncursed ring of wizardry
Wands
 j - a wand of flame (24)
 r - a wand of disintegration (9)
 w - a wand of paralysis (3)
 E - a wand of random effects (36)
Scrolls
 c - 2 scrolls of teleportation
 g - 2 scrolls of fog
 h - 3 scrolls of enchant weapon
 m - 4 scrolls of remove curse
 D - a scroll of magic mapping
 J - a scroll of enchant armour
Potions
 e - 2 potions of brilliance
 n - a potion of invisibility
 o - 2 potions of curing
 t - a potion of mutation {unknown}
 C - a potion of berserk rage {unknown}
 F - a potion of flight {unknown}
Comestibles
 f - 8 rations


   Skills:
 + Level 7.3(6.1) Fighting
 * Level 1.7(7.0) Polearms
 - Level 12.3(11.0) Staves
 + Level 3.9(2.9) Throwing
 + Level 6.0(4.8) Armour
 * Level 6.1(4.9) Dodging
 - Level 2.0(0.9) Stealth
 - Level 1.0(0.0) Spellcasting
   Level 1.0(0.0) Fire Magic
   Level 1.0(0.0) Poison Magic
 + Level 1.0(0.0) Evocations


You had 12 spell levels left.
You didn't know any spells.
Your spell library contained the following spells:

 Spells                   Type           Power        Failure   Level  Hunger
 Beastly Appendage        Tmut           #.....       90%         1    ##.....
 Sticks to Snakes         Tmut           #.......     97%         2    ###....
 Spider Form              Tmut/Pois      #.........   100%        3    ####...
 Ice Form                 Ice/Tmut       #.......     100%        4    #####..
 Blade Hands              Tmut           #.........   100%        5    ######.


Dungeon Overview and Level Annotations

Branches:
Dungeon (11/15)            Temple (0/1) D:4             Orc (0/2) D:11
   Lair: D:8-11

Altars:
Ashenzari
Elyvilon
Gozag
Hepliaklqana
Okawaru
Ru
Sif Muna
Trog
Xom
Yredelemnul

Shops:
D:4 !   D:6 *

Annotations:
D:11 Sonja


Innate Abilities, Weirdness & Mutations

[Scrolls take you much longer to read.]
[You are very clumsy. (Dex -4)]
[Armour fits poorly on your strangely shaped body.]
[You are very dopey. (Int -4)]
[You are very frail. (-20% HP)]
[Your spells are easier to cast, but less powerful.]


Message History

Okay, then.
Really fly into that cloud of raging winds?
Okay, then.
* * * LOW HITPOINT WARNING * * *
The large abomination is no longer distracted by gold.
The winds around the air elemental start to calm down.
The air elemental closely misses you.
The large abomination becomes distracted by your gold, dreaming of imaginary riches.
The air elemental closely misses you.
You hit the air elemental. You freeze the air elemental.
The air elemental is lightly damaged.
You are engulfed in raging winds.
The air elemental completely misses you.
The air elemental hits you but does no damage. x2
You barely miss the air elemental.
The air elemental is lightly damaged.
You float gracefully downwards.
The air elemental barely misses you. The air elemental hits you!
You die...
Your body crumbles into a pile of gold.

## ..#.. # . #..
#.##.# #.# #.
#.##...#.####.###.#
..#..#.#...#..#..#
#.#§.##.§.#. .. ##
#..§#.§§...##... #.
#§§..##.#..#..###
##§E#.### .#. #E #
#.. ..#.@#..# . ##.##
.##..§§#.§.#..###$..#
#..#...§..X...#
###..#
.......#..###.#
###..# ......##§..§
.. #. ##.##. ##... ..
... ..# .# ...# .. ##
#. ...# ..


You could see a large abomination and an air elemental.

Vanquished Creatures
  Pikel (D:6)
  Joseph (D:7)
  A worldbinder (Abyss:2)
  Maurice (D:8)
  Maggie (D:6)
  A hippogriff (D:8)
  Sigmund (D:5)
  Eustachio (D:6)
  A wyvern (D:9)
  5 yaks (D:9)
  Grum (D:8)
  2 chaos spawn (Abyss:2)
  A hungry ghost (D:7)
  Edmund (D:5)
  Duvessa (D:4)
  3 sky beasts
  An ice beast (D:10)
  2 orc warriors (D:8)
  A black bear (D:5)
  A necrophage (D:8)
  3 phantoms
  2 small abominations
  2 wolves (D:8)
  5 ogres
  4 centaurs
  Blork the orc (D:5)
  A big kobold (D:8)
  A wyvern zombie (D:10)
  3 bullfrogs
  Dowan (D:4)
  3 scorpions
  4 killer bees (D:8)
  3 wights (D:11)
  2 crimson imps
  2 quasits
  7 orc priests
  5 hounds
  2 jellies
  A bullfrog skeleton (D:4)
  8 orc wizards
  A centaur skeleton (D:7)
  An iron imp (Abyss:1)
  6 iguanas
  Ijyb (D:4)
  8 worker ants
  2 killer bee zombies
  Robin (D:4)
  13 adders
  4 gnolls (D:6)
  A shadow imp (D:9)
  An adder zombie (D:5)
  2 adder skeletons
  5 worms
  2 dart slugs
  6 leopard geckos
  22 orcs
  6 giant cockroaches
  19 goblins
  12 hobgoblins
  6 jackals
  12 kobolds
  3 quokkas
  A ball python (D:2)
  10 bats
  8 frilled lizards
  A giant cockroach zombie (D:5)
  A quokka skeleton (D:7)
  6 rats
249 creatures vanquished.

Vanquished Creatures (others)
  A bullfrog (D:6)
  A jelly (D:6)
  A bullfrog skeleton (D:6)
  A leopard gecko (D:6)
4 creatures vanquished.

Grand Total: 253 creatures vanquished

Notes
Turn   | Place    | Note
-------+----------+-------------------------------------------
     0 | D:1      | Gabide the Human Wanderer began the quest for the Orb.
     0 | D:1      | Gabide set off with the following items: a +2 quarterstaff,
                  | a potion of lignification, a scroll of teleportation, a +0
                  | robe, a +0 dagger, a ration
     0 | D:1      | Reached XP level 1. HP: 19/19 MP: 2/2
   235 | D:1      | Reached XP level 2. HP: 20/25 MP: 3/3
   568 | D:1      | Reached XP level 3. HP: 21/31 MP: 4/4
  1053 | D:2      | Reached skill level 2 in Staves
  1470 | D:2      | Found a sacrificial altar of Ru.
  1478 | D:2      | Reached XP level 4. HP: 38/38 MP: 5/5
  1483 | D:2      | Became a worshipper of Ru the Awakened
  1638 | D:2      | Found an opulent altar of Gozag.
  1711 | D:2      | Fell from the grace of Ru
  1711 | D:2      | Became a worshipper of Gozag Ym Sagoz the Greedy
  1813 | D:2      | Found a basalt altar of Yredelemnul.
  1816 | D:2      | Reached skill level 1 in Dodging
  1838 | D:2      | Reached skill level 3 in Staves
  2567 | D:3      | Reached XP level 5. HP: 41/43 MP: 6/6
  3258 | D:3      | Reached skill level 1 in Throwing
  3569 | D:3      | Reached XP level 6. HP: 47/49 MP: 7/7
  3615 | D:3      | Reached skill level 4 in Staves
  3692 | D:4      | Noticed an ogre
  3694 | D:4      | Noticed Ijyb
  3707 | D:3      | Killed an ogre
  3725 | D:3      | Reached skill level 1 in Armour
  3874 | D:4      | Killed Ijyb
  3966 | D:3      | Reached XP level 7. HP: 39/55 MP: 8/8
  4077 | D:4      | Reached skill level 5 in Fighting
  4111 | D:4      | Found Moevimeo's Distillery.
  4114 | D:4      | Bought a potion of haste for 100 gold pieces
  4114 | D:4      | Bought 2 potions of heal wounds for 100 gold pieces
  4114 | D:4      | Bought a potion of haste for 100 gold pieces
  4114 | D:4      | Bought a potion of lignification for 30 gold pieces
  4114 | D:4      | Bought a potion of haste for 100 gold pieces
  4278 | D:4      | Noticed Robin
  4309 | D:3      | Reached skill level 5 in Staves
  4718 | D:4      | Killed Robin
  4857 | D:4      | Noticed Duvessa
  4871 | D:4      | Noticed Dowan
  4875 | D:4      | Killed Duvessa
  4894 | D:4      | Killed Dowan
  4894 | D:4      | Reached XP level 8. HP: 62/62 MP: 9/9
  5049 | D:4      | Found a staircase to the Ecumenical Temple.
  5314 | D:5      | Entered Level 5 of the Dungeon
  5367 | D:5      | Reached skill level 6 in Staves
  5448 | D:5      | Noticed Sigmund
  5467 | D:5      | Killed Sigmund
  5751 | D:5      | Reached skill level 7 in Staves
  5938 | D:5      | Noticed Edmund
  5952 | D:5      | Killed Edmund
  5998 | D:5      | Noticed Blork the orc
  5999 | D:5      | Found an iron altar of Okawaru.
  6013 | D:5      | Killed Blork the orc
  6201 | D:6      | Reached XP level 9. HP: 54/68 MP: 10/10
  6233 | D:6      | Reached skill level 8 in Staves
  6258 | D:6      | Noticed Pikel
  6272 | D:6      | Noticed Maggie
  6278 | D:6      | Killed Pikel
  6278 | D:6      | Reached skill level 9 in Staves
  6298 | D:6      | Killed Maggie
  6545 | D:6      | Found Wiecapt's Assorted Antiques.
  6904 | D:6      | Found a shimmering blue altar of Sif Muna.
  6913 | D:6      | Found a shimmering altar of Xom.
  6914 | D:6      | Noticed Eustachio
  6924 | D:6      | Killed Eustachio
  7119 | D:7      | Reached XP level 10. HP: 59/76 MP: 11/11
  7225 | D:7      | Noticed Joseph
  7248 | D:7      | Killed Joseph
  7248 | D:7      | Reached skill level 10 in Staves
  7679 | D:7      | Reached skill level 1 in Evocations
  8324 | D:8      | Reached skill level 5 in Armour
  8324 | D:8      | Reached skill level 5 in Dodging
  8490 | D:8      | Noticed Grum
  8502 | D:8      | Killed Grum
  8612 | D:8      | Reached skill level 11 in Staves
  9027 | D:8      | Found a bloodstained altar of Trog.
  9028 | D:8      | Noticed Maurice
  9030 | D:8      | Paralysed by Maurice for 5 turns
  9040 | D:8      | Paralysed by Maurice for 7 turns
  9056 | D:8      | Killed Maurice
  9200 | D:8      | Reached XP level 11. HP: 73/83 MP: 12/12
  9552 | D:9      | Found a hazy altar of Hepliaklqana.
  9626 | D:9      | Found a shattered altar of Ashenzari.
  9800 | D:9      | Found a white marble altar of Elyvilon.
  9864 | D:9      | Reached skill level 12 in Staves
 10114 | D:9      | Got a brightly glowing hand axe
 10115 | D:9      | Identified the +4 hand axe "Hitu Jorogh" {vorpal, Int+7
                  | SInv Stlth+} (You found it on level 9 of the Dungeon)
 10339 | D:10     | Entered Level 10 of the Dungeon
 10821 | D:11     | Found a staircase to the Orcish Mines.
 11120 | D:11     | Noticed Sonja
 11149 | D:11     | Cast into level 1 of the Abyss (Sonja)
 11170 | Abyss:1  | Noticed a large abomination
 11373 | Abyss:1  | Noticed a thrashing horror
 11375 | Abyss:1  | Noticed a large abomination
 11414 | Abyss:1  | Noticed a wretched star
 11460 | Abyss:2  | Noticed a rakshasa
 11469 | Abyss:2  | Noticed a wretched star
 11471 | Abyss:2  | Noticed a starcursed mass
 11550 | Abyss:2  | Noticed a worldbinder
 11563 | Abyss:2  | Killed a worldbinder
 11563 | Abyss:2  | Reached skill level 1 in Polearms
 11648 | Abyss:2  | Noticed a green draconian
 11657 | Abyss:2  | Noticed a large abomination
 11787 | Abyss:2  | Noticed a large abomination
 11790 | Abyss:2  | HP: 3/67 [air elemental/tornado (6)]
 11792 | Abyss:2  | Slain by an air elemental

Illustrated notes

Levels and vault maps discovered:
D:1:      eino_arrival_cavern_e, layout_basic
D:2:      layout_basic, lemuel_doored_altar, grunt_gozag_statues,
          hangedman_ru_absence
D:3:      layout_loops_cross, first_ration, chequers_avenue
D:4:      layout_cave_pools, minmay_temple_entry_slanted, serial_shops,
          nicolae_shop_behind_doors, minmay_misc_feat_room, uniq_duvessa,
          uniq_robin, uniq_ijyb
D:5:      black_bear_nest_2, layout_rooms, okawaru_gym_becter,
          uniq_blork_the_orc, uniq_sigmund, uniq_edmund
D:6:      layout_loops_cross, grunt_temple_overflow_open, serial_shops,
          shop_coins, uniq_pikel, uniq_eustachio, uniq_maggie
D:7:      layout_basic, uniq_joseph
D:8:      layout_loops_ring, bloody_trog, serial_glass, glass_columns_b,
          glass_columns_c, uniq_maurice, uniq_grum
D:9:      layout_loops_corners, kennysheep_little_box, elyvilon_altar_4,
          lemuel_crystal_altar
D:10:     layout_roguey
D:11:     layout_gridville, lair_entry_dummy, orc_0_dummy, basic_altar,
          uniq_sonja
Abyss:2:  base: D:11, minivault_28, minivault_28, minivault_25_ag,
          gammafunk_corrupted_shrine, gammafunk_corrupted_shrine,
          hangedman_abyss_overflow_altar

Skill      XL: |  1  2  3  4  5  6  7  8  9 10 11 |
---------------+----------------------------------+-----
Staves         | 2 3 4 5 7 9 11 12 | 12.3
Dodging        | 1 2 3 4 5 6 |  6.1
Throwing       | 1 2 3 |  3.9
Armour         | 1 2 3 4 5 6 |  6.0
Fighting       | 5 6 7 |  7.3
Evocations     | 1 |  1.0
Polearms       | 1 |  1.7
Stealth        | |  2.0
Spellcasting   | |  1.0
Fire Magic     | |  1.0
Poison Magic   | |  1.0

Action                   |  1- 3 |  4- 6 |  7- 9 | 10-12 || total
-------------------------+-------+-------+-------+-------++-------
Melee: Quarterstaff      |    75 |   146 |   286 |   427 ||   934
       Halberd           |       |       |       |    43 ||    43
Throw: Dart              |    24 |    43 |    36 |    38 ||   141
Invok: Potion Petition   |       |     1 |       |     2 ||     3
Evoke: Wand              |       |       |     4 |     3 ||     7
  Use: Scroll            |     1 |     6 |     5 |    12 ||    24
       Potion            |       |     3 |     7 |    14 ||    24
 Stab: Sleeping          |     2 |     2 |       |       ||     4
       Paralysed         |       |       |     3 |     3 ||     6
       Distracted        |       |       |     1 |     1 ||     2
  Eat: Chunk             |     2 |     1 |       |       ||     3
       Ration            |       |     2 |     3 |     4 ||     9
Armor: Robe              |    15 |    11 |       |       ||    26
       Ring mail         |       |    26 |    25 |       ||    51
       Chain mail        |       |       |   113 |   237 ||   350
       Skin              |       |       |     4 |    12 ||    16
Dodge: Dodged            |    40 |    78 |   137 |   252 ||   507
